cohdb
Replays
Latest Replays
All Replays
Popular Replays
Top Player Replays
Match Explorer
How It Works
Community
CoH3 Stats
Reddit
Sign in to upload your games and track your stats! →
Sign in with Steam
Match 43867474
Unlisted
Match 43867474
Overview
Messages
Build Orders
End
Construct Infanterie Kompanie
Pioneer Squad
Grenadier Squad
Grenadier Squad
Grenadier Squad
Construct Luftwaffe Kompanie
MG 42 Machine Gun Team
Selects Breakthrough Battlegroup
Selects Breakthrough Battlegroup
CPU - Especialista
Dog
CPU - Especialista
Halokoo
0
0
Comments
sign in to comment!
No comments posted yet!